 Dungeon Crawl Stone Soup version 0.27.0-1-g7a089689b8 (webtiles) character file.

Game seed: 3227661209349964078

756 inmateoo the Chopper (level 7, -1/66 HPs)
             Began as a Deep Dwarf Fighter on Aug 13, 2021.
             Was an Initiate of the Shining One.
             Slain by an orc warrior (3 damage)
             ... on level 5 of the Dungeon.
             The game lasted 00:02:09 (2424 turns).

inmateoo the Chopper (Deep Dwarf Fighter)           Turns: 2424, Time: 00:02:09

Health: -1/66      AC:  7    Str: 22    XL:     7   Next: 50%
Magic:  3/3        EV:  7    Int:  8    God:    the Shining One [......]
Gold:   122        SH: 10    Dex: 12    Spells: 6/6 levels left

rFire    . . .     SeeInvis .   a - +0 war axe
rCold    . . .     Faith    .   c - +0 kite shield
rNeg     . . .     Spirit   .   b - +0 scale mail
rPois    .         Reflect  .   (no helmet)
rElec    .         Harm     .   (no cloak)
rCorr    .         Rampage  .   (no gloves)
Will     +....                  (no boots)
Stlth    ..........             (no amulet)
HPRegen  0.00/turn              (no ring)
MPRegen  0.08/turn              (no ring)

@: glowing
A: damage resistance, heal wounds, sense surroundings 1, no regeneration
a: Heal Wounds, Renounce Religion


You were on level 5 of the Dungeon.
You worshipped the Shining One.
The Shining One was noncommittal.
You visited 2 branches of the dungeon, and saw 6 of its levels.

You collected 122 gold pieces.

Inventory:

Hand Weapons
 a - a +0 war axe (weapon)
Missiles
 d - a throwing net
Armour
 b - a +0 scale mail (worn)
 c - a +0 kite shield (worn)
Jewellery
 m - a ring of protection from cold
Wands
 k - a wand of flame (18)
 l - a wand of polymorph (11)
Scrolls
 e - 6 scrolls of identify {unknown}
 f - 3 scrolls of magic mapping {unknown}
 i - a scroll of teleportation {unknown}
 p - a scroll of immolation {unknown}
 s - a scroll of enchant weapon {unknown}
Potions
 g - 2 potions of brilliance {unknown}
 h - 5 potions of heal wounds {unknown}
 j - a potion of magic {unknown}
 n - a potion of cancellation {unknown}
 o - a potion of curing {unknown}
 q - a potion of flight {unknown}
 r - a potion of might


   Skills:
 + Level 4.3 Fighting
 * Level 6.1 Axes
 + Level 5.2 Armour
 + Level 5.1 Shields


You had 6 spell levels left.
You didn't know any spells.
Your spell library contained the following spells:

 Spells                   Type           Power      Damage    Failure   Level
 Gell's Gravitas          Tloc           0%         N/A       100%        3
 Lesser Beckoning         Tloc           0%         N/A       100%        3
 Teleport Other           Tloc           0%         N/A       100%        3


Dungeon Overview and Level Annotations

Branches:
Dungeon (5/15)             Temple (1/1) D:5

Altars:
Ashenzari
Dithmenos
Elyvilon
Fedhas
Gozag
Hepliaklqana
Kikubaaqudgha
Qazlal
Trog
Uskayaw
Wu Jian
Xom
Yredelemnul
Zin
The Shining One

Shops:
D:4 (


Innate Abilities, Weirdness & Mutations

You are resistant to damage.
You can heal yourself by infusing magical energy.
You passively map a small area around you.
You do not regenerate.


Message History

You hit the orc but do no damage. You barely miss the orc warrior.
The orc wizard points at you and mumbles some strange words.
You resist with almost no effort. The orc barely misses you.
You block the orc warrior's attack. The orc wizard barely misses you.
You hit the orc.
The orc is almost dead.
You barely miss the orc wizard. You hit the orc warrior.
You block the orc warrior's attack. The orc closely misses you.
The orc wizard hits you but does no damage.
The orc hits you with a +0 dagger. You block the orc warrior's attack.
You slash the orc!
You kill the orc!
You barely miss the orc warrior. You barely miss the orc wizard.
The orc wizard gestures wildly while chanting.
The orc wizard flickers and vanishes!
Deactivating autopickup; reactivate with Ctrl-A.
You block the orc warrior's attack.
You hear some strange, mumbled words.
A puff of flame appears from out of thin air!
The puff of flame hits you!
You hit the orc warrior but do no damage.
The orc warrior is lightly wounded.
You hit something. You hit the orc but do no damage.
The orc closely misses you.
The orc warrior hits you with a +1 war axe of flaming!!
The orc warrior burns you. Something hits you.
The orc hits you with a +0 war axe.
You are too injured to fight recklessly!
You barely miss the orc warrior.
The orc warrior is lightly wounded.
You closely miss something. You barely miss the orc.
The orc warrior hits you with a +1 war axe of flaming!
* * * LOW HITPOINT WARNING * * *
The orc warrior burns you!
* * * LOW HITPOINT WARNING * * *
Something hits you. You block the orc's attack.
The orc warrior hits you with a +1 war axe of flaming!
The Shining One protects you from harm! The orc warrior burns you.
You die...

....#####.# *, , ,
..........# ,, ,
....####### , , ....#
,,, , ....# * * *
....### ######### ** *
......# #.......# ,
......# #.#####'#####.#
......# #.##..).@{....#
#### ...####
#.##....oo....# ##...
#### #.##..........#
#....
#########.##..........#
#....
..........##..........#
#....
############.........##
#.... #.........# #....
#.........# #.<.. ,
#....


You could see an orc warrior and an orc.

Vanquished Creatures
  A water moccasin (D:5)
  A necrophage (D:5)
  A phantom (D:4)
  A scorpion (D:5)
  2 orc priests (D:4)
  A centaur skeleton (D:5)
  An iguana (D:5)
  Natasha (twice) (D:4)
  5 orc wizards
  A hound skeleton (D:5)
  An adder (D:5)
  A howler monkey skeleton (D:5)
  4 gnolls (D:4)
  An adder skeleton (D:5)
  A dart slug (D:1)
  17 orcs
  3 bats
  4 endoplasms
  A giant cockroach (D:1)
  5 goblins
  3 hobgoblins (D:4)
  4 jackals (D:1)
  5 quokkas
  8 ball pythons
  2 frilled lizards (D:1)
  A kobold (D:1)
  5 rats
82 creatures vanquished.

Notes
Turn   | Place    | Note
-------+----------+-------------------------------------------
     0 | D:1      | inmateoo the Deep Dwarf Fighter began the quest for the
                  | Orb.
     0 | D:1      | Reached XP level 1. HP: 20/20 MP: 1/1
    63 | D:1      | Reached XP level 2. HP: 22/27 MP: 2/2
   292 | D:1      | Reached skill level 3 in Axes
   294 | D:1      | Reached XP level 3. HP: 18/33 MP: 3/3
   806 | D:2      | You fall into a shaft and drop 1 floor!
   814 | D:3      | You fall into a shaft and drop 1 floor!
   834 | D:4      | Reached XP level 4. HP: 17/42 MP: 4/4
   989 | D:4      | Noticed Natasha
   992 | D:4      | Killed Natasha
  1003 | D:4      | Noticed a phantom
  1012 | D:4      | Killed a phantom
  1013 | D:4      | Reached skill level 4 in Axes
  1013 | D:4      | Reached XP level 5. HP: 40/49 MP: 5/5
  1074 | D:4      | Reached XP level 6. HP: 18/56 MP: 4/4
  1177 | D:4      | Reached skill level 5 in Axes
  1557 | D:4      | Found Viff's Weapon Shop.
  1615 | D:4      | Noticed Natasha
  1624 | D:4      | Killed Natasha
  1665 | D:5      | Entered Level 5 of the Dungeon
  1783 | D:5      | Noticed a water moccasin
  1791 | D:5      | Killed a water moccasin
  1792 | D:5      | Reached XP level 7. HP: 31/64 MP: 4/4
  1794 | D:5      | Reached skill level 5 in Armour
  1867 | D:5      | Found a staircase to the Ecumenical Temple.
  1872 | Temple   | Entered the Ecumenical Temple
  1988 | Temple   | Became a worshipper of the Shining One
  2213 | D:5      | Reached skill level 5 in Shields
  2266 | D:5      | Reached skill level 6 in Axes
  2424 | D:5      | HP: 2/66 [orc warrior (6)]
  2424 | D:5      | The Shining One protects you from harm!
  2424 | D:5      | Slain by an orc warrior

Illustrated notes

Levels and vault maps discovered:
D:1:      lightli_arrival_noodles, layout_loops_ring, minmay_pentomino_u4
D:2:      layout_basic, kennysheep_generic_room_12
D:3:      layout_loops_ring, minmay_cut_off, uniq_robin
D:4:      layout_cave_pods, serial_shops, kennysheep_mini, uniq_natasha
D:5:      layout_basic, minmay_temple_entry_nine_rooms
Temple:   minmay_crystal_spiral_temple

Skill      XL: |  1  2  3  4  5  6  7 |
---------------+----------------------+-----
Axes           | 3 4 5 6 |  6.1
Fighting       | 3 4 |  4.3
Armour         | 4 5 |  5.2
Shields        | 4 5 |  5.1

Action                   |  1- 3 |  4- 6 |  7- 9 || total
-------------------------+-------+-------+-------++-------
Melee: War axe           |    92 |    93 |    38 ||   223
 Abil: Heal Wounds       |     1 |     9 |     2 ||    12
  Use: Potion            |       |     1 |       ||     1
Armor: Scale mail        |    63 |    56 |    16 ||   135
Dodge: Dodged            |    54 |    32 |    18 ||   104
Block: Kite shield       |    62 |    58 |    24 ||   144
